 Dungeon Crawl Stone Soup version 0.21.1-1-g345015f (webtiles) character file.

119 wilfster70 the Sneak (level 5, -2/37 HPs)
             Began as a Gnoll Enchanter on Mar 1, 2018.
             Slain by an adder (3 damage)
             ... on level 3 of the Dungeon.
             The game lasted 00:08:09 (2397 turns).

wilfster70 the Sneak (Gnoll Enchanter)              Turns: 2397, Time: 00:08:09

Health: -2/37      AC:  2    Str: 10    XL:     5   Next: 3%
Magic:  6/12       EV: 15    Int: 19    God:
Gold:   123        SH:  0    Dex: 15    Spells: 8/14 levels left

rFire    . . .     SeeInvis .   n - -2 whip (curse)
rCold    . . .     Gourm    .   (no shield)
rNeg     . . .     Faith    .   b - +0 robe
rPois    .         Spirit   .   (no helmet)
rElec    .         Reflect  .   (no cloak)
rCorr    .         Harm     .   (no gloves)
MR       .....                  (no boots)
Stlth    +++.......             f - amulet of regeneration
HPRegen  0.52/turn              (no ring)
MPRegen  0.13/turn              (no ring)

@: lethally poisoned (-2 -> -3), very slightly contaminated
A: distributed training, fangs 1, strong nose
a: no special abilities


You were on level 3 of the Dungeon.
You were very hungry.

You visited 1 branch of the dungeon, and saw 3 of its levels.

You collected 123 gold pieces.

Inventory:

Hand Weapons
 a - a +1 dagger
 n - a cursed -2 whip (weapon)
 o - a cursed -2 dagger
Missiles
 k - 91 stones (quivered)
Armour
 b - a +0 robe (worn)
 l - a +0 buckler
Jewellery
 f - an amulet of regeneration (around neck)
Scrolls
 h - 2 scrolls of identify
 j - a scroll of enchant weapon {unknown}
 m - a scroll of teleportation
Potions
 e - a potion of agility
 g - a potion of curing {unknown}
 i - a potion of cancellation {unknown}
 p - a potion of heal wounds {unknown}
 q - a potion of magic {unknown}
Books
 c - a book of Maledictions

   Spells                             Type                      Level
   a - Corona                         Hexes                        1
   b - Ensorcelled Hibernation        Hexes/Ice                    2
   c - Confuse                        Hexes                        3
   d - Tukima's Dance                 Hexes                        3
   e - Dazzling Spray                 Conjuration/Hexes            3
Comestibles
 d - 5 rations


   Skills:
 + Level 1.3 Fighting
 + Level 2.8 Short Blades
 + Level 1.3 Long Blades
 + Level 1.3 Axes
 + Level 1.3 Maces & Flails
 + Level 1.3 Polearms
 + Level 1.3 Staves
 + Level 1.3 Slings
 + Level 1.3 Bows
 + Level 1.3 Crossbows
 + Level 1.3 Throwing
 + Level 1.3 Armour
 + Level 4.7 Dodging
 + Level 6.1 Stealth
 + Level 1.3 Shields
 + Level 1.3 Unarmed Combat
 + Level 5.1 Spellcasting
 + Level 1.0 Conjurations
 + Level 5.5 Hexes
 + Level 1.0 Charms
 + Level 1.0 Summonings
 + Level 1.0 Necromancy
 + Level 1.0 Translocations
 + Level 1.0 Transmutations
 + Level 1.0 Fire Magic
 + Level 1.0 Ice Magic
 + Level 1.0 Air Magic
 + Level 1.0 Earth Magic
 + Level 1.0 Poison Magic
 + Level 1.4 Invocations
 + Level 1.3 Evocations


You had 8 spell levels left.
You knew the following spells:

 Your Spells              Type           Power        Failure   Level  Hunger
a - Confuse               Hex            ####....     3%          3    ##.....
b - Ensorcelled Hibernat  Hex/Ice        ###...       4%          2    #......
c - Corona                Hex            ####...      1%          1    None


Dungeon Overview and Level Annotations

Branches:
Dungeon (3/15)

Altars:


Innate Abilities, Weirdness & Mutations

Your experience applies equally to all skills.
You have very sharp teeth.
Your uncanny sense of smell can sniff out nearby items.


Message History

Multicoloured lights dance before your eyes!
The adder bites you.
* * * LOW HITPOINT WARNING * * *
You are more poisoned.
The adder poisons you!
You feel sick. The orc closely misses you.
Casting: Confuse
Confirm with . or Enter, or press ? or * to list all spells.
Aiming: Confuse
Press: ? - help, Shift-Dir - straight line, f/p - adder
Aim: an adder (almost dead, chance to defeat MR: 63%)
The adder resists with significant effort.
The adder closely misses you. The adder bites you.
* * * LOW HITPOINT WARNING * * *
You hit the adder but do no damage.
The adder is almost dead.
You feel sick. The orc hits you with a flail.
* * * LOW HITPOINT WARNING * * *
The adder bites you.
You die...

##.####.##.# #..# # . . .#
........##.#####.#.#...#.. ....
##......#.....##...#.##.. #.#.
.....................##.# #.#.
##......................# #.#.
#######..#.##.###.......# # #.#.
#######..#...........##.###.##.#.
##...........#.##S.#.##..........
#...........#..@o>....###.###.##
#...........##..........#.....##
#...........##........#.######..
#...........##........#.##.....#
#...........####.#....#.##......
#...........# #.#....#........#
#...........# #.#....#........#
#...........# #.....##........#
#...........# #####.##........#


You could see an adder and an orc.

Vanquished Creatures
  4 gnolls (D:2)
  2 adders (D:2)
  2 oozes
  A worm (D:3)
  3 dart slugs
  2 leopard geckos
  An orc (D:3)
  4 bats
  7 giant cockroaches
  5 goblins
  3 hobgoblins
  3 frilled lizards
  3 kobolds
  3 rats
43 creatures vanquished.

Notes
Turn   | Place    | Note
-------+----------+-------------------------------------------
     0 | D:1      | wilfster70 the Gnoll Enchanter began the quest for the Orb.
     0 | D:1      | Reached XP level 1. HP: 13/13 MP: 6/6
   123 | D:1      | Reached XP level 2. HP: 14/19 MP: 7/7
   204 | D:1      | Learned a level 2 spell: Ensorcelled Hibernation
  1061 | D:2      | Reached XP level 3. HP: 24/25 MP: 9/9
  1064 | D:2      | Learned a level 1 spell: Corona
  1115 | D:2      | Reached skill level 6 in Stealth
  1115 | D:2      | Reached skill level 5 in Spellcasting
  1239 | D:2      | Reached skill level 1 in Invocations
  1244 | D:2      | Reached skill level 1 in Fighting
  1244 | D:2      | Reached skill level 1 in Long Blades
  1244 | D:2      | Reached skill level 1 in Axes
  1244 | D:2      | Reached skill level 1 in Maces & Flails
  1244 | D:2      | Reached skill level 1 in Polearms
  1244 | D:2      | Reached skill level 1 in Staves
  1244 | D:2      | Reached skill level 1 in Slings
  1244 | D:2      | Reached skill level 1 in Bows
  1244 | D:2      | Reached skill level 1 in Crossbows
  1244 | D:2      | Reached skill level 1 in Throwing
  1244 | D:2      | Reached skill level 1 in Armour
  1244 | D:2      | Reached skill level 1 in Shields
  1244 | D:2      | Reached skill level 1 in Unarmed Combat
  1244 | D:2      | Reached skill level 1 in Evocations
  1244 | D:2      | Reached XP level 4. HP: 30/32 MP: 0/11
  1910 | D:3      | Reached skill level 1 in Conjurations
  1910 | D:3      | Reached skill level 1 in Charms
  1910 | D:3      | Reached skill level 1 in Summonings
  1910 | D:3      | Reached skill level 1 in Necromancy
  1910 | D:3      | Reached skill level 1 in Translocations
  1910 | D:3      | Reached skill level 1 in Transmutations
  1910 | D:3      | Reached skill level 1 in Fire Magic
  1910 | D:3      | Reached skill level 1 in Ice Magic
  1910 | D:3      | Reached skill level 1 in Air Magic
  1910 | D:3      | Reached skill level 1 in Earth Magic
  1910 | D:3      | Reached skill level 1 in Poison Magic
  2338 | D:3      | Reached XP level 5. HP: 33/37 MP: 12/12
  2362 | D:3      | Learned a level 3 spell: Confuse
  2397 | D:3      | HP: 1/37 [orc/flail (4)]
  2397 | D:3      | Slain by an adder

Skill      XL: |  1  2  3  4 |
---------------+-------------+-----
Stealth        | 6 |  6.1
Spellcasting   | 5 |  5.1
Invocations    | 1 |  1.4
Fighting       | 1 |  1.3
Long Blades    | 1 |  1.3
Axes           | 1 |  1.3
Maces & Flails | 1 |  1.3
Polearms       | 1 |  1.3
Staves         | 1 |  1.3
Slings         | 1 |  1.3
Bows           | 1 |  1.3
Crossbows      | 1 |  1.3
Throwing       | 1 |  1.3
Armour         | 1 |  1.3
Shields        | 1 |  1.3
Unarmed Combat | 1 |  1.3
Evocations     | 1 |  1.3
Conjurations   | 1 |  1.0
Charms         | 1 |  1.0
Summonings     | 1 |  1.0
Necromancy     | 1 |  1.0
Translocations | 1 |  1.0
Transmutations | 1 |  1.0
Fire Magic     | 1 |  1.0
Ice Magic      | 1 |  1.0
Air Magic      | 1 |  1.0
Earth Magic    | 1 |  1.0
Poison Magic   | 1 |  1.0
Short Blades   | |  2.8
Dodging        | |  4.7
Hexes          | |  5.5

Action                   |  1- 3 |  4- 6 || total
-------------------------+-------+-------++-------
Melee: Dagger            |    56 |    12 ||    68
       Bite              |     4 |    25 ||    29
       Whip              |       |   159 ||   159
       Punch             |       |     1 ||     1
 Cast: Ensorcelled Hiber |    14 |     5 ||    19
       Corona            |       |     2 ||     2
       Confuse           |       |     1 ||     1
  Use: Scroll            |     5 |       ||     5
 Stab: Sleeping          |    11 |     4 ||    15
  Eat: Chunk             |     1 |     3 ||     4
Armor: Robe              |     6 |    31 ||    37
Dodge: Dodged            |    42 |   150 ||   192
